 Dungeon Crawl Stone Soup version 0.18.1-48-g4cf74bf (webtiles) character file.

9342 MovingMist the Protected (level 11, -3/62 HPs)
             Began as a Gargoyle Fighter on Aug 20, 2016.
             Was a High Priest of Okawaru.
             Engulfed by a cloud of flame (12 damage)
             ... in a volcano.
             The game lasted 00:32:12 (8057 turns).

MovingMist the Protected (Gargoyle Fighter)         Turns: 8057, Time: 00:32:13

Health: -3/62      AC: 34    Str: 21      XL:     11   Next: 45%
Magic:  9/9        EV:  7    Int:  8      God:    Okawaru [*****.]
Gold:   497        SH: 13    Dex:  9 (11) Spells: 0 memorised, 10 levels left

rFire  . . .     SeeInvis .     a - +0 flail (flame)
rCold  . . .     Gourm    .     l - +1 plate armour
rNeg   + + .     Faith    .     c - +1 shield
rPois  ∞         Spirit   .     (no helmet)
rElec  +         Dismiss  .     r - +0 cloak
rCorr  .         Reflect  .     m - +0 pair of gloves
SustAt .         Harm     .     y - +0 pair of boots
MR     .....                    j - amulet of regeneration
Stlth  ..........               u - +3 ring of protection
                                q - ring of positive energy

@: not resistant to hostile enchantments, extremely unstealthy
A: hooves 1, rough black scales 1, deterioration 1, low mp 1, negative energy
resistance 1, electricity resistance, unbreathing, petrification resistance, rot
immunity, AC +7
a: Heroism, Finesse, Renounce Religion


You were in a volcano.
You worshipped Okawaru.
Okawaru was extremely pleased with you.
You were not hungry.

You visited 2 branches of the dungeon, and saw 10 of its levels.
You also visited: Volcano.

You collected 607 gold pieces.
You spent 110 gold pieces at shops.

Inventory:

Hand Weapons
 a - a +0 flail of flaming (weapon)
Armour
 c - a +1 shield (worn)
 l - a +1 plate armour (worn)
 m - a +0 pair of gloves (worn)
 r - a +0 cloak (worn)
 y - a +0 pair of boots (worn)
Jewellery
 b - an uncursed ring of resist corrosion
 j - an amulet of regeneration (around neck)
 o - an uncursed amulet of rage
 q - a ring of positive energy (left hand)
 u - a +3 ring of protection (right hand)
 G - a cursed -2 ring of protection
 L - an uncursed ring of positive energy
 M - an uncursed ring of flight
 N - an uncursed ring of protection from fire
Wands
 s - a wand of confusion (6/48)
 z - a wand of enslavement (11/24)
 A - a wand of lightning (7/15)
 C - a wand of flame (13/48)
 D - a wand of slowing (8/48)
 E - a wand of confusion (27/48)
 P - a wand of flame (23/48)
 Q - a wand of flame (25/48)
Scrolls
 t - 2 scrolls of summoning
 v - 3 scrolls of fog
 w - 3 scrolls of amnesia
 x - 8 scrolls of teleportation
 B - 2 scrolls of remove curse
 O - a scroll of enchant armour
 S - a scroll of identify
Potions
 d - 2 potions of might
 e - a potion of cancellation
 g - 6 potions of flight
 i - 7 potions of curing
 F - a potion of magic
 I - a potion of agility {unknown}
 J - a potion of lignification {unknown}
 K - 2 potions of brilliance
Books
 R - a book of Beasts

   Spells                             Type                      Level
   a - Summon Butterflies             Summoning                    1
   b - Call Canine Familiar           Summoning                    3
   c - Summon Ice Beast               Ice/Summoning                4
   d - Summon Mana Viper              Hexes/Summoning              5
   e - Summon Hydra                   Summoning                    7
Comestibles
 f - 5 bread rations
 h - 4 slices of pizza
 n - 8 meat rations
 p - 2 beef jerkies
 H - 7 fruits


   Skills:
 - Level 4.6 Fighting
 + Level 10.5 Maces & Flails
 + Level 11.2 Armour
 - Level 5.0 Dodging
 + Level 11.2 Shields


You had 10 spell levels left.
You didn't know any spells.

Dungeon Overview and Level Annotations

Branches:
Dungeon (8/15)             Temple (0/1) D:6            Lair (2/8) D:8

Altars:
Ashenzari
Kikubaaqudgha
Nemelex Xobeh
Okawaru
Pakellas
Qazlal
Ru
Sif Muna
Yredelemnul

Shops:
D:5 !


Innate Abilities, Weirdness & Mutations

You are resistant to torment.
Your stone body is resilient (AC +7).
You are immune to poison.
You resist negative energy.
You are resistant to electric shocks.
You can survive without breathing.
You are immune to petrification.
You are immune to rotting.
You have large cloven feet.
You are partially covered in rough black scales (AC +4, Dex -1).
Your body sometimes deteriorates upon taking damage.
Your magical capacity is low (-10% MP).


Message History

You miss the lava snake.
The air gets thick with the scent of sulphur.
The lava snake bites you.
You are engulfed in flames.
You closely miss the lava snake. You block the lava snake's attack.
You miss the lava snake. The lava snake spits lava at you.
You block the glob of lava.
You hit the lava snake.
The lava snake is lightly wounded.
The volcano roars to life, belching forth lava!
You are engulfed in roaring flames.
The lava snake spits lava at you. The glob of lava hits you!
* * * LOW HITPOINT WARNING * * *
Your body deteriorates!
You feel clumsy.
You are engulfed in roaring flames.
The lava snake spits lava at you. The glob of lava hits you!
You are engulfed in roaring flames.
You die...

##......§≈§§§§§§≈≈≈≈≈
#.......§§≈§§§§§§§§§§
###.....§§§§§§§§§§§§§
##......§.§§§§§§§§§≈§
#........§§§§§≈§§§§§§
####......§§§§§≈§§§§§§
#.........§.§§§S≈≈≈≈§§
##..........§§§§§§§§§§
####.......@§§§§§§§§§
#.......§§§§§§§§§§§
####.....§§§§§§§§.§
#####§§§§.......
###.........
#..###.... #### ###.


You could see a lava snake.

Vanquished Creatures
  A hydra (Lair:2)
  The ghost of Xelenos the Fighter, a novice MiFi (D:6)
  A deep elf mage (D:8)
  Joseph (D:7)
  4 spiny frogs (Lair:1)
  A komodo dragon (Lair:2)
  A rime drake (Lair:2)
  A two-headed ogre (D:8)
  5 yaks (Lair:2)
  A wraith (D:8)
  Eustachio (D:6)
  2 hippogriffs (Lair:1)
  2 water moccasins
  A porcupine (Lair:1)
  A sky beast (D:6)
  2 orc warriors (D:6)
  2 necrophages (D:8)
  2 phantoms (D:8)
  An ogre (D:8)
  3 crocodiles
  3 big kobolds
  5 giant frogs
  4 scorpions
  A wyvern skeleton (D:8)
  6 killer bees (D:8)
  4 wights (D:8)
  3 crimson imps
  A centaur zombie (D:7)
  4 hounds
  5 human zombies (D:8)
  A lava snake (Volcano)
  2 giant frog skeletons
  2 jellies
  5 orc priests (D:8)
  A gnoll shaman (D:5)
  A human skeleton (D:8)
  2 iguanas
  7 orc wizards
  2 worker ants (D:5)
  A killer bee zombie (D:6)
  2 mummies (D:8)
  A worker ant zombie (D:7)
  11 gnolls
  9 adders
  13 river rats (Lair:1)
  An ooze (D:2)
  2 adder zombies (D:8)
  2 adder skeletons
  2 worms
  A dart slug (D:4)
  4 giant geckos
  35 orcs
  2 ball pythons (D:1)
  8 giant cockroaches
  3 goblins
  7 hobgoblins
  6 jackals
  2 quokkas
  A ball python skeleton (D:5)
  6 bats
  A giant gecko zombie (D:8)
  17 giant newts
  A jackal skeleton (D:4)
  14 kobolds
  2 quokka skeletons (D:5)
  7 rats
254 creatures vanquished.

Notes
Turn   | Place    | Note
--------------------------------------------------------------
     0 | D:1      | MovingMist the Gargoyle Fighter began the quest for the Orb.
     0 | D:1      | Reached XP level 1. HP: 14/14 MP: 1/1
   356 | D:1      | Reached XP level 2. HP: 19/19 MP: 2/2
   998 | D:2      | Reached XP level 3. HP: 24/24 MP: 3/3
  1050 | D:2      | Found a stormy altar of Qazlal.
  1687 | D:2      | Reached XP level 4. HP: 30/30 MP: 4/4
  1834 | D:3      | Found an iron altar of Okawaru.
  1857 | D:3      | Found a sacrificial altar of Ru.
  1873 | D:3      | Became a worshipper of Warmaster Okawaru
  1978 | D:3      | Found an ancient bone altar of Kikubaaqudgha.
  2294 | D:4      | Reached XP level 5. HP: 34/34 MP: 5/5
  2474 | D:4      | Reached * piety under Okawaru
  2474 | D:4      | Reached XP level 6. HP: 39/39 MP: 6/6
  2502 | D:4      | Found an oddly glowing altar of Pakellas.
  2922 | D:5      | Entered Level 5 of the Dungeon
  2999 | D:5      | Reached skill level 5 in Dodging
  2999 | D:5      | Reached XP level 7. HP: 44/44 MP: 7/7
  3180 | D:5      | Found a sparkling altar of Nemelex Xobeh.
  3452 | D:5      | Found Ryaklo's Distillery.
  3459 | D:5      | Bought a potion of heal wounds for 50 gold pieces
  3459 | D:5      | Bought a potion of curing for 30 gold pieces
  3459 | D:5      | Bought a potion of curing for 30 gold pieces
  3650 | D:5      | Reached XP level 8. HP: 48/48 MP: 8/8
  3722 | D:6      | Gained mutation: You have large cloven feet. [mutagenic meat]
  3723 | D:6      | Gained mutation: You are partially covered in rough black scales (AC +4, Dex -1). [mutagenic meat]
  3724 | D:6      | Gained mutation: Your body sometimes deteriorates upon taking damage. [mutagenic meat]
  3725 | D:6      | Gained mutation: Your magical capacity is low (-10% MP). [mutagenic meat]
  3756 | D:6      | Noticed Eustachio
  3912 | D:6      | Killed Eustachio
  4019 | D:6      | Noticed Xelenos's ghost (novice MiFi)
  4051 | D:6      | Killed Xelenos's ghost
  4051 | D:6      | Reached ** piety under Okawaru
  4051 | D:6      | Reached XP level 9. HP: 27/52 MP: 8/8
  4064 | D:6      | Found a staircase to the Ecumenical Temple.
  4954 | D:7      | Noticed Joseph
  4980 | D:7      | Killed Joseph
  4990 | D:7      | Reached *** piety under Okawaru
  5507 | D:8      | Reached XP level 10. HP: 55/58 MP: 9/9
  5705 | D:8      | Found a basalt altar of Yredelemnul.
  5884 | D:8      | Reached **** piety under Okawaru
  5948 | D:8      | Found a staircase to the Lair.
  5988 | D:8      | Reached skill level 10 in Shields
  6019 | D:8      | HP: 2/58 [orc priest/divine providence (14)]
  6104 | D:8      | Found a deep blue altar of Sif Muna.
  6171 | D:8      | Found a shattered altar of Ashenzari.
  6260 | D:8      | Noticed a deep elf mage
  6261 | D:8      | Reached skill level 10 in Armour
  6276 | D:8      | Killed a deep elf mage
  6869 | Lair:1   | Entered Level 1 of the Lair of Beasts
  7055 | Lair:1   | Noticed a spiny frog
  7062 | Lair:1   | Killed a spiny frog
  7147 | Lair:1   | Noticed a spiny frog
  7157 | Lair:1   | Killed a spiny frog
  7157 | Lair:1   | Reached ***** piety under Okawaru
  7340 | Lair:1   | Noticed a spiny frog
  7348 | Lair:1   | Killed a spiny frog
  7348 | Lair:1   | Reached XP level 11. HP: 44/62 MP: 9/9
  7510 | Lair:1   | Reached skill level 10 in Maces & Flails
  7845 | Lair:2   | Noticed a five-headed hydra
  7856 | Lair:2   | Killed a five-headed hydra
  7994 | Lair:2   | Found a dark tunnel.
  7999 | Volcano  | Entered a volcano
  8057 | Volcano  | Engulfed by a cloud of flame

Skill      XL: |  1  2  3  4  5  6  7  8  9 10 11 |
---------------+----------------------------------+-----
Fighting       | 4 |  4.6
Maces & Flails | 3 4 7 8 9 10 | 10.5
Armour         | 4 8 9 10 11 | 11.2
Shields        | 4 8 9 10 11 | 11.2
Dodging        | 5 |  5.0

Action                   |  1- 3 |  4- 6 |  7- 9 | 10-12 || total
-------------------------+-------+-------+-------+-------++-------
Melee: Flail             |   182 |   217 |   549 |   552 ||  1500
Invok: Heroism           |       |       |     1 |       ||     1
  Use: Scroll            |     7 |     9 |     6 |     4 ||    26
       Potion            |       |     1 |       |     1 ||     2
  Eat: Chunk             |     3 |     5 |    13 |     5 ||    26
       Meat ration       |       |       |       |     1 ||     1
Armor: Scale mail        |    53 |       |       |       ||    53
       Chain mail        |    63 |   158 |   194 |       ||   415
       Plate armour      |       |       |   128 |   291 ||   419
Dodge: Dodged            |    56 |    53 |   199 |   125 ||   433
Block: Shield            |   141 |   131 |   428 |   355 ||  1055
